 Dungeon Crawl Stone Soup version 0.27.1-2-g3b301248ec (webtiles) character file.

Game seed: 13471084142350646768

62743 raph the Impaler (level 15, -2/124 HPs)
             Began as a Merfolk Gladiator on Oct 4, 2021.
             Was the Champion of Yredelemnul.
             Slain by an ogre mage (6 damage)
             ... while paralysed by an ogre mage
             ... on level 2 of the Orcish Mines.
             The game lasted 00:40:12 (24610 turns).

raph the Impaler (Merfolk Gladiator)               Turns: 24610, Time: 00:40:13

Health: -2/124     AC: 13    Str: 16    XL:     15   Next: 7%
Magic:  0/23       EV:  2    Int:  7    God:    Yredelemnul [******]
Gold:   1518       SH:  0    Dex: 27    Spells: 13/14 levels left

rFire    . . .     SeeInvis .   a - +2 halberd (venom)
rCold    . . .     Faith    .   (shield currently unavailable)
rNeg     . . .     Spirit   +   w - +0 steam dragon scales
rPois    +         Reflect  .   c - +1 helmet
rElec    .         Harm     .   k - +2 cloak
rCorr    .         Rampage  .   j - +0 pair of gloves
Will     +....                  i - +0 pair of boots
Stlth    +++++.....             S - amulet of guardian spirit
HPRegen  0.30/turn              I - +6 ring of dexterity
MPRegen  0.18/turn              F - ring of poison resistance

@: paralysed
A: (nimble swimmer 2), mertail
a: Renounce Religion, Recall Undead Slaves, Injury Mirror, Animate Dead, Drain
Life, Enslave Soul


You were on level 2 of the Orcish Mines.
You worshipped Yredelemnul.
Yredelemnul was exalted by your worship.
You visited 3 branches of the dungeon, and saw 20 of its levels.

You collected 1737 gold pieces.
You spent 219 gold pieces at shops.

Inventory:

Hand Weapons
 a - a +2 halberd of venom (weapon)
 b - a +1 trident of venom
 n - a +0 scythe
Missiles
 d - 5 throwing nets
 g - 127 poisoned darts (quivered)
 q - 4 boomerangs
Armour
 c - a +1 helmet (worn)
 i - a +0 pair of boots (worn)
 j - a +0 pair of gloves (worn)
 k - a +2 cloak (worn)
 w - +0 steam dragon scales (worn)
 x - a +0 leather armour
 y - a +0 chain mail
 P - +0 fire dragon scales
Jewellery
 A - a ring of positive energy
 C - a ring of flight
 F - a ring of poison resistance (right hand)
 I - a +6 ring of dexterity (left hand)
 Q - a ring of magical power
 S - an amulet of guardian spirit (around neck)
 V - an amulet of regeneration
Wands
 m - a wand of digging (9)
 t - a wand of flame (24)
 B - a wand of acid (20)
 G - a wand of polymorph (13)
 U - a wand of paralysis (9)
Scrolls
 p - 5 scrolls of teleportation
 u - a scroll of identify
 v - 3 scrolls of blinking
 z - 4 scrolls of amnesia
 K - 2 scrolls of magic mapping
 M - 2 scrolls of fog
 O - a scroll of fear
 T - a scroll of silence
Potions
 e - 4 potions of curing
 f - 5 potions of lignification
 h - 3 potions of attraction
 l - 3 potions of heal wounds
 o - a potion of invisibility
 r - a potion of resistance
 D - 3 potions of cancellation
 E - a potion of berserk rage
 H - a potion of haste
 J - 2 potions of brilliance
 L - 3 potions of flight
 N - a potion of might
 W - a potion of magic
Miscellaneous
 R - a phial of floods


   Skills:
 + Level 13.3 Fighting
 - Level 16.0 Polearms
 + Level 6.8 Throwing
 + Level 4.7 Armour
 + Level 15.6 Dodging
 + Level 10.7 Stealth
 + Level 11.0 Invocations


You had 13 spell levels left.
You knew the following spells:

 Your Spells              Type           Power      Damage    Failure   Level
a - Animate Skeleton      Necr           0%         N/A       43%         1

Your spell library contained the following spells:

 Spells                   Type           Power      Damage    Failure   Level
 Foxfire                  Conj/Fire      0%         2x1d4     43%         1
 Pain                     Necr           0%         1d4       43%         1
 Summon Small Mammal      Summ           0%         N/A       43%         1
 Call Canine Familiar     Summ           0%         N/A       80%         3
 Conjure Flame            Conj/Fire      0%         6-21      80%         3
 Gell's Gravitas          Tloc           0%         N/A       80%         3
 Inner Flame              Hex/Fire       0%         N/A       80%         3
 Lesser Beckoning         Tloc           0%         N/A       80%         3
 Summon Guardian Golem    Hex/Summ       0%         N/A       80%         3
 Teleport Other           Tloc           0%         N/A       80%         3
 Vampiric Draining        Necr           0%         2d6       80%         3
 Animate Armour           Summ/Erth      0%         N/A       99%         4
 Blade Hands              Tmut           0%         N/A       100%        5
 Fireball                 Conj/Fire      0%         3d3       100%        5
 Iskenderun's Battlesphe  Conj           0%         2d6       100%        5
 Conjure Ball Lightning   Conj/Air       0%         3x3d6     100%        6
 Iron Shot                Conj/Erth      0%         9d1       100%        6
 Orb of Destruction       Conj           0%         N/A       100%        7


Dungeon Overview and Level Annotations

Branches:
Dungeon (12/15)            Temple (0/1) D:6            Lair (6/6) D:8
  Swamp (0/4) Lair:2       Spider (0/4) Lair:2        Slime (0/5) Lair:5
    Orc (2/2) D:12            Elf (0/3) Orc:2

Altars:
Cheibriados
Hepliaklqana
Kikubaaqudgha
Makhleb
Nemelex Xobeh
Okawaru
Qazlal
Sif Muna
Trog
Uskayaw
Yredelemnul
Zin
Beogh

Shops:
D:2 =!((   D:3 (   D:9 !

Annotations:
D:9 exclusion: ice statue
Lair:1 exclusion: oklob plant


Innate Abilities, Weirdness & Mutations

((You are quick and stealthy near water. (Stealth+, EV+, Speed+++)))
Your lower body shifts to a powerful aquatic tail in water.


Message History

Your two-headed ogre zombie misses the warg.
Your two-headed ogre zombie barely misses the warg.
The ogre mage gestures at you while chanting.
You suddenly lose the ability to move!
Your Invocations skill increases to level 11!
Your flayed ghost cries, "Feel what I felt!"
Terrible wounds open up all over the ogre mage's body!
Something hits you!
* * * LOW HITPOINT WARNING * * *
The ogre mage hits you with a +0 halberd!
* * * LOW HITPOINT WARNING * * *
Your orc zombie hits the ogre mage but does no damage.
The warg bites you but does no damage.
Your two-headed ogre zombie hits the ogre with a +0 giant spiked club!!
The ogre dies!
Yredelemnul accepts your kill.
Your flayed ghost cries, "Suffer as I suffered!"
Terrible wounds spread across more of the ogre mage's body!
A two-headed ogre comes into view. It is wielding two +0 giant clubs.
The warg barely misses you. Something hits you but does no damage.
Your orc zombie hits the ogre mage from afar with a +0 trident.
The warg bites you.
* * * LOW HITPOINT WARNING * * *
Your flayed ghost hits the warg!
Something hits you.
* * * LOW HITPOINT WARNING * * *
The ogre mage hits you with a +0 halberd.
* * * LOW HITPOINT WARNING * * *
The warg bites you.
* * * LOW HITPOINT WARNING * * *
Your two-headed ogre zombie closely misses the two-headed ogre.
Your two-headed ogre zombie barely misses the two-headed ogre.
Your orc zombie hits the ogre mage from afar with a +0 trident!
Your flayed ghost stares at the ogre mage with tortured malice.
Terrible wounds spread across more of the ogre mage's body!
Something hits your orc zombie!
Your orc zombie is destroyed!
Something hits you but does no damage.
The ogre mage hits you with a +0 halberd.
You die...
Your body rises from the dead as a mindless zombie.

,,,*,#.......................#...
,,,,,,..#...................#....
,,,,,....#......)).....#..###....
,,,,,..........#)........###.....
,*,,,.$.....#(..###.#.....###....
****,........$..# ####...##..##..
*,...#.......####....#........
**...###.....W).....<........#
*#.** #....Z@h)Z........##... ***
#...###OO###......###.#
#..##*,{OO###....##*###
#..**,OOOO.##...#.,***#
*#..**,OO...##..#...,*,,
*...*,,,....O#..,#..#,,,
##.,*,,,.....#..,,...,,,
*,,*,,,.....#..,,....,,
*,,*,,,,,,,,*,,,,,,,,,,


You could see 3 two-headed ogres, an ogre mage (flayed, ally target), a warg, 5
ogres, a friendly flayed ghost and 2 friendly two-headed ogre zombies.

Vanquished Creatures
  A fire dragon (Lair:6)
  4 hydras
  Fannar (D:12)
  A catoblepas (Lair:6)
  2 centaur warriors (D:8)
  7 two-headed ogres
  6 death yaks
  2 fire crabs (Lair:6)
  Pikel (D:6)
  2 bog bodies (Lair:2)
  A deep elf pyromancer (D:12)
  An orc knight (Orc:1)
  An orc sorcerer (Orc:2)
  2 manticores
  A cyclops (D:11)
  11 elephants
  A molten gargoyle (Lair:6)
  A torpor snail (Lair:6)
  5 black mambas
  13 cane toads
  5 komodo dragons
  A troll (D:12)
  A hornet (Lair:2)
  A polar bear (Lair:3)
  7 blink frogs
  5 slime creatures
  A dream sheep (Lair:5)
  A meliai zombie (D:10)
  Sigmund (D:5)
  2 redbacks (Lair:2)
  36 yaks
  3 wraiths
  4 wyverns
  Eustachio (D:5)
  3 basilisks
  2 vampire mosquitoes (D:11)
  3 steam dragons
  Grum (D:8)
  4 humans (D:10)
  3 wargs
  Edmund (D:5)
  17 water moccasins
  A hell hound (Lair:6)
  An acid dragon (D:11)
  7 orc warriors
  A necrophage (D:6)
  2 sky beasts
  A black bear (Lair:4)
  6 ice beasts
  8 ogres
  15 wolves
  9 centaurs
  7 kobold brigands
  2 gnoll sergeants (D:12)
  12 bullfrogs
  A scorpion (D:6)
  2 water moccasin zombies
  A wyvern skeleton (D:7)
  2 howler monkeys
  13 killer bees
  7 wights
  A bullfrog zombie (D:6)
  4 lava snakes (Lair:6)
  4 hounds
  4 centaur zombies
  A gnoll shaman (D:7)
  6 orc priests
  A centaur skeleton (D:4)
  8 orc wizards
  2 hound skeletons
  A howler monkey zombie (D:6)
  7 adders
  5 gnolls
  2 river rats (D:8)
  A white imp (D:7)
  2 ufetubi
  An adder skeleton (D:5)
  3 adder zombies (D:3)
  41 orcs
  5 endoplasms
  A giant cockroach (D:1)
  9 goblins
  6 hobgoblins
  6 jackals
  3 quokkas
  6 ball pythons
  6 bats
  3 frilled lizards
  11 kobolds
  2 rats (D:2)
417 creatures vanquished.

Vanquished Creatures (collateral kills)
  A boulder beetle (D:11)
  3 hydras
  The ghost of MisterFreud the Blocker, a novice GnFi of Qazlal (D:8)
  A two-headed ogre (Orc:2)
  4 death yaks
  A lindwurm (Lair:3)
  4 elephants (Lair:2)
  A torpor snail (Lair:3)
  2 black mambas (Lair:6)
  3 cane toads
  7 komodo dragons
  6 dream sheep (Lair:5)
  4 blink frogs
  A shadow (D:11)
  21 yaks
  A human (D:10)
  2 wyverns (Lair:6)
  A basilisk (Lair:3)
  3 water moccasins
  2 hell hounds (Lair:6)
  5 orc warriors
  6 wolves
  5 ogres (Orc:2)
  3 bullfrogs
  2 wights (D:10)
  A lava snake (Lair:6)
  3 centaur zombies
  2 gnolls (Orc:2)
  An adder (D:4)
  6 orcs
  A goblin (D:11)
  A hobgoblin (D:11)
  6 kobolds
  2 bushes (Lair:5)
113 creatures vanquished.

Vanquished Creatures (others)
  A flayed ghost (D:12)
  A phantasmal warrior (D:12)
  6 flying skulls
  3 wraiths
  3 vampires
  A centaur (D:12)
  A wight (Lair:3)
  A centaur zombie (D:8)
  3 hydra zombies (Lair:6)
  A catoblepas zombie (Lair:6)
  3 death yak zombies (Lair:6)
  2 mummies
  5 cane toad zombies
  A manticore zombie (Lair:6)
  A two-headed ogre zombie (Orc:2)
  3 black mamba zombies
  2 hell hound zombies (Lair:6)
  A bullfrog zombie (Lair:5)
  A wolf skeleton (D:8)
  2 wyvern zombies (Lair:6)
  3 blink frog zombies
  3 elephant zombies
  2 fire crab zombies (Lair:6)
  3 water moccasin zombies
  10 yak zombies
  4 komodo dragon zombies (Lair:6)
  A basilisk zombie (Lair:6)
  3 gnoll zombies
  5 killer bee zombies
  7 kobold zombies
  5 ogre zombies (Orc:2)
  2 orc skeletons
  8 orc zombies
  A quokka zombie (D:8)
  A steam dragon zombie (Lair:6)
  7 wolf zombies
  A bush (Lair:6)
  69 fungi
  84 plants
261 creatures vanquished.

Grand Total: 791 creatures vanquished

Notes
Turn   | Place    | Note
-------+----------+-------------------------------------------
     0 | D:1      | raph the Merfolk Gladiator began the quest for the Orb.
     0 | D:1      | Reached XP level 1. HP: 16/16 MP: 1/1
   305 | D:1      | Reached XP level 2. HP: 23/23 MP: 2/2
   421 | D:1      | Found a faded altar of an unknown god.
   516 | D:1      | Reached skill level 5 in Polearms
   673 | D:1      | Learned a level 1 spell: Animate Skeleton
  1074 | D:2      | Found Jyjirch's Distillery.
  1089 | D:2      | Found Udwomer's Weapon Shoppe.
  1103 | D:2      | Reached XP level 3. HP: 28/28 MP: 3/3
  1206 | D:2      | Found Hashrettato's Weapon Boutique.
  1298 | D:2      | Found Wureor's Jewellery Boutique.
  1858 | D:3      | Found a basalt altar of Yredelemnul.
  1874 | D:3      | Reached XP level 4. HP: 34/34 MP: 4/4
  2000 | D:3      | Became a worshipper of Yredelemnul the Dark
  2162 | D:3      | Found Gug Velys's Weapon Shoppe.
  2170 | D:3      | Reached skill level 6 in Polearms
  2663 | D:3      | Found a snail-covered altar of Cheibriados.
  3005 | D:4      | Reached skill level 5 in Dodging
  3005 | D:4      | Reached XP level 5. HP: 41/41 MP: 5/5
  3404 | D:4      | Reached * piety under Yredelemnul
  3427 | D:4      | Found a burning altar of Makhleb.
  3436 | D:4      | Reached skill level 7 in Polearms
  3664 | D:4      | Reached XP level 6. HP: 48/48 MP: 6/6
  3701 | D:4      | Found a shimmering blue altar of Sif Muna.
  3894 | D:4      | Found a glowing silver altar of Zin.
  3938 | D:5      | Entered Level 5 of the Dungeon
  4067 | D:2      | Bought a potion of heal wounds for 60 gold pieces
  4067 | D:2      | Bought a potion of curing for 36 gold pieces
  4067 | D:2      | Bought a potion of might for 48 gold pieces
  4453 | D:5      | Noticed an ice beast
  4469 | D:5      | Killed an ice beast
  4470 | D:5      | Reached skill level 8 in Polearms
  4470 | D:5      | Reached skill level 1 in Invocations
  4470 | D:5      | Reached XP level 7. HP: 43/54 MP: 7/7
  4583 | D:5      | Noticed Edmund
  4601 | D:5      | Killed Edmund
  4751 | D:5      | Noticed Sigmund
  4756 | D:5      | Killed Sigmund
  4757 | D:5      | Reached skill level 9 in Polearms
  4866 | D:5      | Noticed Eustachio
  4882 | D:5      | Killed Eustachio
  4883 | D:5      | Reached skill level 5 in Fighting
  4883 | D:5      | Reached XP level 8. HP: 54/62 MP: 9/9
  5527 | D:6      | Found a staircase to the Ecumenical Temple.
  5540 | D:6      | Found an iron altar of Okawaru.
  5638 | D:6      | Reached ** piety under Yredelemnul
  5639 | D:6      | Reached skill level 10 in Polearms
  6036 | D:6      | Noticed Pikel
  6047 | D:6      | Killed Pikel
  6048 | D:6      | Reached skill level 11 in Polearms
  6048 | D:6      | Reached XP level 9. HP: 47/69 MP: 10/12
  6197 | D:6      | Found a hazy altar of Hepliaklqana.
  6665 | D:6      | Found a bloodstained altar of Trog.
  7028 | D:7      | Reached skill level 12 in Polearms
  7075 | D:7      | Reached skill level 5 in Invocations
  7189 | D:7      | Found a stormy altar of Qazlal.
  7694 | D:8      | Noticed a death yak
  7767 | D:8      | Noticed a death yak
  7834 | D:8      | Noticed a death yak
  7860 | D:7      | Killed a death yak
  8181 | D:7      | Killed a death yak
  8182 | D:7      | Reached skill level 13 in Polearms
  8182 | D:7      | Reached XP level 10. HP: 70/79 MP: 14/14
  8570 | D:8      | Noticed Grum
  8587 | D:8      | Reached *** piety under Yredelemnul
  8861 | D:8      | Killed Grum
  9097 | D:8      | Found a staircase to the Lair.
  9125 | D:8      | Killed a death yak
  9126 | D:8      | Reached skill level 14 in Polearms
  9126 | D:8      | Reached skill level 10 in Dodging
  9330 | D:8      | Noticed a centaur warrior
  9342 | D:8      | Killed a centaur warrior
  9370 | D:8      | Reached XP level 11. HP: 38/87 MP: 14/16
  9580 | D:8      | Noticed a centaur warrior
  9609 | D:8      | Killed a centaur warrior
  9965 | D:8      | Found a transporter.
  9965 | D:8      | Noticed MisterFreud's ghost (novice GnFi)
  9968 | D:8      | Found a transporter.
 10178 | D:8      | Noticed a two-headed ogre
 10190 | D:8      | Killed a two-headed ogre
 10486 | D:8      | Found a sparkling altar of Nemelex Xobeh.
 10486 | D:8      | Found an ancient bone altar of Kikubaaqudgha.
 10723 | D:9      | Reached **** piety under Yredelemnul
 10748 | D:9      | Received a gift from Yredelemnul (a mummy)
 10997 | D:9      | Found Atir's Distillery.
 11012 | D:9      | Bought a potion of heal wounds for 75 gold pieces
 11433 | D:9      | Found a hide-covered altar of Uskayaw.
 11676 | Lair:1   | Entered Level 1 of the Lair of Beasts
 11690 | Lair:1   | Reached skill level 1 in Stealth
 12059 | D:8      | Reached skill level 10 in Fighting
 12315 | Lair:1   | Received a gift from Yredelemnul (2 flying skulls)
 12566 | Lair:1   | Noticed an oklob plant
 13007 | Lair:2   | You fall into a shaft and drop 2 floors!
 13063 | Lair:4   | Received a gift from Yredelemnul (a mummy)
 13171 | Lair:4   | Reached XP level 12. HP: 98/98 MP: 18/18
 13242 | Lair:4   | Noticed a death yak
 13250 | Lair:4   | Noticed a death yak
 13251 | Lair:4   | Killed a death yak
 13252 | Lair:4   | Reached skill level 15 in Polearms
 13253 | Lair:4   | Noticed a death yak
 13271 | Lair:4   | Killed a death yak
 13272 | Lair:4   | Reached skill level 5 in Stealth
 13846 | Lair:3   | Killed a death yak
 13933 | Lair:3   | Received a gift from Yredelemnul (a wight)
 13989 | Lair:5   | Noticed an eight-headed hydra
 14664 | Lair:3   | Reached skill level 16 in Polearms
 14678 | Lair:3   | Reached ***** piety under Yredelemnul
 14832 | Lair:3   | Reached XP level 13. HP: 106/107 MP: 19/19
 15135 | Lair:2   | Received a gift from Yredelemnul (5 flying skulls)
 15159 | Lair:2   | Reached skill level 1 in Armour
 15327 | Lair:2   | Found a hole to the Spider Nest.
 15579 | Lair:2   | Found a staircase to the Swamp.
 16701 | Lair:5   | Received a gift from Yredelemnul (a wraith)
 17125 | Lair:5   | Found a staircase to the Slime Pits.
 17319 | Lair:5   | Received a gift from Yredelemnul (a vampire)
 17793 | Lair:6   | Entered Level 6 of the Lair of Beasts
 18049 | Lair:6   | Received a gift from Yredelemnul (a vampire)
 18491 | Lair:6   | Reached XP level 14. HP: 114/116 MP: 21/21
 18538 | Lair:6   | Reached skill level 5 in Throwing
 18883 | Lair:6   | Reached skill level 10 in Invocations
 19476 | Lair:6   | Received a gift from Yredelemnul (a phantasmal warrior)
 19511 | Lair:6   | Reached skill level 15 in Dodging
 19754 | Lair:6   | Reached ****** piety under Yredelemnul
 19796 | Lair:6   | Found a large runed translucent door.
 19796 | Lair:6   | Found a large runed translucent door.
 20676 | D:8      | Reached skill level 10 in Stealth
 20683 | D:8      | Killed MisterFreud's ghost
 20684 | D:8      | Received a gift from Yredelemnul (a skeletal warrior)
 20832 | D:10     | Entered Level 10 of the Dungeon
 21341 | D:10     | Received a gift from Yredelemnul (a flayed ghost)
 21839 | D:11     | Received a gift from Yredelemnul (a wraith)
 22809 | D:12     | Received a gift from Yredelemnul (a phantasmal warrior)
 23273 | D:12     | Noticed Fannar
 23284 | D:12     | Killed Fannar
 23444 | D:12     | Found a staircase to the Orcish Mines.
 23494 | D:12     | Received a gift from Yredelemnul (a vampire)
 23761 | Orc:1    | Entered Level 1 of the Orcish Mines
 24130 | Orc:2    | Entered Level 2 of the Orcish Mines
 24156 | Orc:1    | Received a gift from Yredelemnul (a wraith)
 24585 | Orc:2    | Reached XP level 15. HP: 118/124 MP: 19/23
 24602 | Orc:2    | Received a gift from Yredelemnul (a flayed ghost)
 24606 | Orc:2    | Paralysed by an ogre mage for 5 turns
 24609 | Orc:2    | HP: 4/124 [ogre mage (5)]
 24610 | Orc:2    | Slain by an ogre mage

Illustrated notes

Levels and vault maps discovered:
D:1:      heliophobic_arrival_enchanted_forest, layout_loops_ring,
          shapermc_ecumenical_altar_mp_highgroup, chequers_serial_rivers_room_b,
          chequers_serial_rivers_micro_e, minmay_crystal_room
D:2:      layout_loops_ring, serial_shops, nicolae_shop_waterfront,
          nicolae_shop_window_shopping, shop, shop
D:3:      layout_rooms, mainiacjoe_overflow_24_doors,
          nicolae_yredelemnul_corpse_copse, serial_shops, shop
D:4:      layout_cave_pools, makhleb_heckhound_becter,
          mainiacjoe_overflow_surrounded_room, mainiacjoe_overflow_alcove_4
D:5:      layout_basic, kennysheep_doodads, dk_noncrumbling_3,
          sigmund_edmund_badplayer, uniq_edmund, uniq_eustachio
D:6:      layout_basic, mainiacjoe_overflow_paths,
          nicolae_overflow_crystal_walls, trog_book,
          minmay_temple_entry_drinking_statues, uniq_sigmund, uniq_pikel
D:7:      layout_cave_pools, nicolae_qazlal_style_of_elements
D:8:      nzn_winding_woodlands_three_and_one
          [nzn_winding_woodlands_5x15_default,
          nzn_winding_woodlands_5x15_river_crossing,
          nzn_winding_woodlands_5x15_parted,
          nzn_winding_woodlands_center_lodge], layout_cave_pools,
          gammafunk_temple_overflow_elements, dpeg_lair_monsters,
          gammafunk_ghost_arena, uniq_grum
D:9:      minmay_statue_hallways, layout_basic, nicolae_uskayaw_dance_studio,
          kennysheep_windowed_goal
D:10:     layout_roguey, minmay_ruffians
D:11:     layout_cave_pods, serial_column_ruins, column_ruins_square_medium,
          column_ruins_columns_plus, column_ruins_open_tiny_water,
          column_ruins_open_small, enter_bailey_4, kennysheep_generic_room_7
D:12:     layout_basic, kennysheep_orc_monster_closet_entryway, uniq_fannar
Lair:1:   layout_misc_corridors, grunt_megastairs_4, minmay_lair_oklob_chamber,
          serial_bayou_shore_b
Lair:2:   layout_chaotic_city, skrybe_swamp_entry_bodies,
          spider_nest_entry_webs, serial_bayou_crossing
Lair:3:   layout_regular_city, columned_hall_lemuel
Lair:4:   layout_hall_layers, enter_volcano_2, beast_lair_carwin_8
Lair:5:   layout_regular_city, slime_dummy
Lair:6:   cheibrodos_lair_end_hotspot, layout_regular_city
Orc:1:    layout_diamond_mine, basic_altar
Orc:2:    st_orc_ogre_mass, layout_caves

Skill      XL: |  1  2  3  4  5  6  7  8  9 10 11 12 13 14 15 |
---------------+----------------------------------------------+-----
Polearms       | 5 6 7 8 9 11 13 14 16 | 16.0
Fighting       | 3 4 5 6 7 8 10 11 12 13 | 13.3
Dodging        | 5 6 7 9 10 12 13 14 15 | 15.6
Invocations    | 1 2 4 6 7 8 9 10 11 | 11.0
Stealth        | 4 7 9 10 | 10.7
Armour         | 3 4 |  4.7
Throwing       | 4 6 |  6.8

Action                   |  1- 3 |  4- 6 |  7- 9 | 10-12 | 13-15 || total
-------------------------+-------+-------+-------+-------+-------++-------
Melee: Trident           |   102 |   186 |   231 |    59 |    46 ||   624
       Halberd           |       |       |       |   603 |   864 ||  1467
Throw: Dart              |       |     8 |     8 |    11 |     3 ||    30
 Cast: Animate Skeleton  |       |     1 |       |       |       ||     1
Invok: Animate Remains   |       |       |     4 |       |       ||     4
       Animate Dead      |       |       |       |    24 |    60 ||    84
       Recall Undead Sla |       |       |       |     1 |       ||     1
       Drain Life        |       |       |       |     1 |     3 ||     4
  Use: Scroll            |       |    12 |     4 |     7 |     7 ||    30
       Potion            |       |       |     3 |     1 |     2 ||     6
 Stab: Sleeping          |     2 |     2 |     1 |     9 |    17 ||    31
       Distracted        |       |       |       |     5 |    18 ||    23
       Confused          |       |       |       |       |     1 ||     1
Armor: Leather armour    |    27 |    68 |    63 |     4 |       ||   162
       Steam dragon scal |       |       |       |   117 |   120 ||   237
Dodge: Dodged            |    76 |   124 |   135 |   593 |   764 ||  1692
